AoeStats
← 小小吸管

Nomad

510319334Analyzed
4v4 RM · 2d ago on Sep 30, 2026· 52m 16s· 8 players
Game mode
Random Map
Map size
231×231
Population
200
Speed
Normal
Resources
Standard
Victory
Conquest
Starting age
Dark Age
Ending age
Imperial Age
RankedLock teamsTeams togetherTeam positionsShared explorationLock speedFull tech treeHidden civsTurbo modeCheats
Victory
Defeat
🇯🇴 Mongols · Jordan
1159
+13
🇫🇷 Italians · France
1123
+15
🇦🇹 Lithuanians · Austria
1121
+15
🇫🇷 Malay · France
1056
+17
🇨🇳 Danes · China
1154
-17
🇹🇼 Varangians · Taiwan
1134
-17
🇹🇼 Persians · Taiwan
1044
-13
🇹🇼 Spanish · Taiwan
1042
-13
Roxxy uG
16:01 Feudal Age
15:26 Loom
16:32 Fishing Lines
16:51 Double-Bit Axe
20:17 Wheelbarrow
19:36 Gold Mining
19:37 Stone Mining
22:29 Castle Age
23:24 Pikeman
24:35 Gillnets
25:46 Fletching
25:57 Padded Archer Armor
28:39 Medium Warships
29:13 Elite Skirmisher
30:11 Leather Archer Armor
29:52 Bodkin Arrow
33:15 Bow Saw
34:42 Hand Cart
34:12 Town Watch
38:58 Town Patrol
40:07 Stone Shaft Mining
39:47 Forging
43:05 Imperial Age
41:34 Iron Casting
41:05 Scale Barding Armor
42:08 Bloodlines
41:59 Husbandry
41:20 Light Cavalry
41:53 Light Cavalry
42:37 Horse Collar
43:21 Chain Barding Armor
43:05 Caravan
43:12 Elite Leitis
44:13 Conscription
45:06 Two-Man Saw
44:08 Heavy Plow
45:11 Plate Barding Armor
45:50 Winged Hussar
48:17 Arson
48:33 Squires
49:57 Hoardings
49:26 Bracer
49:56 Ring Archer Armor
52:38 Hill Forts
52:07 Cavalier
tretts
12:43 Loom
14:59 Feudal Age
19:19 Castle Age
18:20 Double-Bit Axe
18:43 Gold Mining
18:42 Fishing Lines
30:58 Imperial Age
29:11 Fletching
29:22 Padded Archer Armor
29:32 Forging
29:59 Ballistics
30:40 Bodkin Arrow
32:54 Chemistry
31:58 Bracer
32:06 Arson
34:03 Pirotechnia
36:14 Wheelbarrow
35:53 Bow Saw
37:56 Iron Casting
37:21 Scale Mail Armor
40:28 Light Cavalry
41:38 Elite Genoese Crossbowman
42:47 Elite Skirmisher
49:31 Bloodlines
49:22 Husbandry
50:38 Blast Furnace
49:44 Scale Barding Armor
Koko
15:24 Feudal Age
17:00 Double-Bit Axe
17:57 Wheelbarrow
17:08 Fishing Lines
17:29 Fishing Lines
21:52 Castle Age
21:25 Stone Mining
24:13 Gold Mining
25:10 Bow Saw
26:24 Gillnets
31:28 Padded Archer Armor
31:19 Fletching
31:19 Loom
36:11 Imperial Age
34:11 Bodkin Arrow
34:32 Leather Archer Armor
37:07 Bracer
37:22 Leather Archer Armor
37:41 Conscription
38:30 Ballistics
39:29 Gold Shaft Mining
39:35 Elite Mangudai
41:28 Chemistry
41:13 Pikeman
41:53 Squires
42:56 Scale Barding Armor
43:01 Forging
Pegasus75
9:16 Loom
15:46 Feudal Age
15:35 Fishing Lines
17:16 Double-Bit Axe
21:13 Castle Age
23:36 Wheelbarrow
22:53 Stone Mining
23:50 Medium Warships
25:07 Gillnets
31:44 Thalassocracy
35:00 Fletching
35:11 Gold Mining
35:46 Bodkin Arrow
37:16 Forging
48:00 Man-at-Arms
52:11 Imperial Age
TingA
7:21 Loom
16:50 Feudal Age
18:41 Fishing Lines
19:11 Stone Mining
19:24 Double-Bit Axe
26:37 Castle Age
24:58 Gold Mining
26:13 Horse Collar
28:21 Medium Warships
29:35 Stone Shaft Mining
29:39 Gold Shaft Mining
29:29 Bloodlines
29:21 Gillnets
31:19 Fletching
31:34 Scale Barding Armor
32:21 Husbandry
34:40 Wheelbarrow
36:02 Bodkin Arrow
36:28 Chain Barding Armor
37:51 Forging
38:18 Hand Cart
37:49 Town Watch
39:12 Town Patrol
46:25 Kamandaran
bluemountain
4:57 Loom
13:39 Feudal Age
17:44 Castle Age
15:50 Double-Bit Axe
16:20 Fishing Lines
19:18 Wheelbarrow
18:28 Town Watch
18:55 Bow Saw
18:54 Gillnets
20:48 Fletching
24:55 Horse Collar
26:03 Bodkin Arrow
28:10 Fervor
28:24 Hand Cart
28:48 Careening
28:48 Clinker Construction
28:59 Ballistics
30:22 Heavy Plow
34:49 Imperial Age
33:15 Treadmill Crane
34:18 Pikeman
34:45 Arson
35:00 Squires
34:46 Gambesons
35:04 Scale Mail Armor
35:14 Forging
34:54 Elite Longship
35:37 Town Patrol
35:39 Bracer
36:46 Chemistry
36:07 Dry Dock
36:07 Carvel Hull
36:39 Conscription
36:26 Gothikon
37:37 Chain Mail Armor
37:57 Iron Casting
37:01 Capped Ram
38:41 Carvel Hull
40:28 Husbandry
40:39 Bloodlines
39:50 Cavalier
41:03 Shipwright
40:14 Elite Skirmisher
40:59 Padded Archer Armor
41:30 Plate Mail Armor
42:00 Blast Furnace
41:54 Elite Varangian Guard
42:29 Gold Mining
43:43 Two-Man Saw
43:40 Vendel Legacy
44:38 Leather Archer Armor
44:29 Scale Barding Armor
45:08 Crop Rotation
45:52 Onager
52:23 Ring Archer Armor
小小吸管
7:16 Loom
14:04 Feudal Age
21:48 Castle Age
20:35 Double-Bit Axe
24:27 Fletching
25:36 Bow Saw
25:20 Gold Mining
26:31 Horse Collar
37:19 Bodkin Arrow
37:27 Padded Archer Armor
中国足球
4:39 Loom
13:49 Feudal Age
16:55 Wheelbarrow
16:16 Double-Bit Axe
18:24 Fishing Lines
21:31 Castle Age
20:53 Arson
21:09 Scale Mail Armor
21:58 Forging
22:36 Bow Saw
22:20 Gillnets
22:53 Squires
22:39 Gambesons
23:22 Chain Mail Armor
26:26 Hand Cart
26:10 Gold Mining
32:39 Horse Collar
34:55 Fletching
37:32 Iron Casting
40:54 Imperial Age
42:27 Bloodlines
42:18 Husbandry
43:45 Cranequins
47:20 Thumb Ring
47:32 Light Cavalry
49:01 Elite Varangian Guard
51:23 Plate Mail Armor
50:55 Elite Skirmisher
50:56 Crossbowman
51:32 Bodkin Arrow
52:17 Iron Casting
51:11 Capped Ram
52:26 Scale Barding Armor
Connection lost

Rejoining the realm…

Still unreachable

The connection could not be restored.

Session expired

The server has moved on; the page needs a fresh start.